 Seeded DCSS version 0.28-a0-628-g3c9886e45e (webtiles) character file.

Game seed: 17038681006326819691 (custom seed)

32411 karkarkar the Severer (level 13, -3/84 HPs)
             Began as a Gargoyle Fighter on Oct 8, 2021.
             Was a High Priest of Makhleb.
             Slain by an anaconda simulacrum (6 damage)
             ... in an ice cave.
             The game lasted 00:55:41 (17161 turns).

karkarkar the Severer (Gargoyle Fighter)           Turns: 17161, Time: 00:55:41

Health: -3/84      AC: 23    Str: 23    XL:     13   Next: 64%
Magic:  19/19      EV:  7    Int: 11    God:    Makhleb [*****.]
Gold:   687        SH:  9    Dex:  9    Spells: 12/12 levels left

rFire   x . .      SeeInvis .   a - +3 war axe (vamp)
rCold   + + .      Faith    +   Q - +1 kite shield {rC+}
rNeg    + + .      Spirit   .   l - +2 ring mail {rN+}
rPois   ∞          Reflect  .   f - +0 helmet
rElec   +          Harm     .   T - +0 cloak
rCorr   .          Rampage  .   n - +2 pair of gloves
Will    .....                   (no boots)
Stlth   +.........              E - amulet of faith
HPRegen 0.24/turn               q - ring of flight
MPRegen 0.16/turn               K - ring of ice

@: about to teleport, flying, constricted
A: sickness immunity, AC +9, negative energy resistance 1, electricity
resistance, torment resistance 1, petrification resistance
a: Renounce Religion, Minor Destruction, Lesser Servant of Makhleb, Major
Destruction, Greater Servant of Makhleb


You were in an ice cave.
You worshipped Makhleb.
Makhleb was extremely pleased with you.
You visited 2 branches of the dungeon, and saw 16 of its levels.
You also visited: Ice Cave.

You collected 859 gold pieces.
You spent 172 gold pieces at shops.

Inventory:

Hand Weapons
 a - a +3 vampiric war axe (weapon)
 b - the +11 hunting sling "Ifiske" {vorpal, rPois}
   (You found it on level 7 of the Dungeon)

   Any ammunition fired from it inflicts extra damage upon your enemies.
   rPois:     It protects you from poison.
 F - a +4 scimitar of flaming
Missiles
 k - 23 poisoned darts
 x - 4 throwing nets
 H - 6 datura-tipped darts
 L - 16 silver boomerangs (quivered)
 R - 47 sling bullets
 Y - 3 atropa-tipped darts
Armour
 c - a +0 buckler
 f - a +0 helmet (worn)
 l - a +2 ring mail of positive energy (worn)
 n - a +2 pair of gloves (worn)
 Q - a +1 kite shield of cold resistance (worn)
 T - a +0 cloak (worn)
Jewellery
 q - a ring of flight (left hand)
 u - a ring of protection from fire
 E - an amulet of faith (around neck)
 G - a ring of resist corrosion
 K - a ring of ice (right hand)
 O - the ring of Seynn {Will+ Dex+3}
   (You found it on level 10 of the Dungeon)

   [ring of willpower]

   Dex:       It affects your dexterity (+3).
   Will:      It increases your willpower.
 Z - the amulet "Heqap" {Spirit rElec rPois rCorr}
   (You found it on level 7 of the Dungeon)

   [amulet of guardian spirit]

   It causes incoming damage to be divided between your reserves of health and
   magic.
   rElec:     It insulates you from electricity.
   rPois:     It protects you from poison.
   rCorr:     It protects you from acid and corrosion.
Wands
 m - a wand of acid (2)
 v - a wand of iceblast (6)
 z - a wand of polymorph (6)
 B - a wand of flame (34)
 D - a wand of paralysis (8)
 X - a wand of charming (8)
Scrolls
 i - 5 scrolls of amnesia
 o - 4 scrolls of enchant armour
 p - 3 scrolls of teleportation
 s - a scroll of fog {unknown}
 t - 3 scrolls of enchant weapon
 w - a scroll of immolation
 y - a scroll of silence
 J - a scroll of brand weapon
 M - a scroll of fear
 N - 2 scrolls of blinking
 P - 3 scrolls of noise
Potions
 e - 2 potions of might
 g - a potion of attraction {unknown}
 h - 5 potions of lignification
 j - 2 potions of mutation
 r - 2 potions of brilliance
 A - 4 potions of flight
 C - 2 potions of magic
 I - a potion of cancellation {unknown}
 S - a potion of resistance
 V - a potion of heal wounds {unknown}


   Skills:
 + Level 11.3 Fighting
 + Level 0.6 Long Blades
 + Level 15.0 Axes
 + Level 2.6(3.1) Slings
 + Level 2.3(3.0) Throwing
 - Level 4.9 Armour
 - Level 6.6 Dodging
 - Level 3.0 Stealth
 + Level 4.3 Shields
 * Level 8.1 Invocations
 - Level 1.6 Evocations


You had 12 spell levels left.
You didn't know any spells.
Your spell library contained the following spells:

 Spells                   Type           Power      Damage    Failure   Level
 Pain                     Necr           0%         1d4       91%         1
 Shock                    Conj/Air       0%         1d3       91%         1
 Slow                     Hex            0%         N/A       97%         2
 Confusing Touch          Hex            0%         N/A       100%        3
 Dazzling Flash           Conj/Hex       0%         N/A       100%        3
 Gell's Gravitas          Tloc           0%         N/A       100%        3
 Ignite Poison            Fire/Tmut/Pois 0%         N/A       100%        3
 Inner Flame              Hex/Fire       0%         N/A       100%        3
 Mephitic Cloud           Conj/Pois/Air  0%         N/A       100%        3
 Swiftness                Air            0%         N/A       100%        3
 Teleport Other           Tloc           0%         N/A       100%        3
 Vampiric Draining        Necr           0%         2d6       100%        3
 Airstrike                Air            0%         N/A       100%        4
 Cause Fear               Hex            0%         N/A       100%        4
 Agony                    Necr           0%         N/A       100%        5
 Excruciating Wounds      Necr           0%         N/A       100%        5
 Freezing Cloud           Conj/Ice/Air   0%         6-21      100%        5
 Silence                  Hex/Air        0%         N/A       100%        5
 Dispersal                Tloc           0%         N/A       100%        6
 Discord                  Hex            0%         N/A       100%        8


Dungeon Overview and Level Annotations

Branches:
Dungeon (11/15)            Temple (0/1) D:7            Lair (5/6) D:8
  Swamp (0/4) Lair:3        Snake (0/4) Lair:3          Orc (0/2) D:9
  IceCv (1/1)
  Slime: Lair:5-6

Altars:
Elyvilon
Fedhas
Hepliaklqana
Makhleb
Sif Muna
Trog
Wu Jian
Yredelemnul

Shops:
D:10 *?[(:

Annotations:
D:7 2 transporters, pigah's ghost, novice OpWn


Innate Abilities, Weirdness & Mutations

You are immune to sickness and miasma.
Your stone body is resilient. (AC +9)
You are immune to poison.
You resist negative energy. (rN+)
You are resistant to electric shocks. (rElec)
You are resistant to unholy torment.
You are immune to petrification.


Message History

The anaconda simulacrum freezes you! You resist.
The anaconda simulacrum constricts you.
You escape the anaconda simulacrum's grasp.
The reaper shouts, "You must die NOW!"
You block the anaconda simulacrum's attack. x3
The anaconda simulacrum bites you but does no damage.
Okay, then.
What are your orders? t - Shout!
Orders for allies: a - Attack new target. r - Retreat! s - Stop attacking. g - Guard the area. f - Follow me.
Anything else - Cancel.
Okay, then.
Okay, then.
The anaconda simulacrum grabs you. The anaconda simulacrum bites you!
* * * LOW HITPOINT WARNING * * *
The anaconda simulacrum freezes you. You resist.
* * * LOW HITPOINT WARNING * * *
The anaconda simulacrum constricts you.
You feel better.
The anaconda simulacrum bites you but does no damage.
The anaconda simulacrum constricts you.
The anaconda simulacrum bites you but does no damage.
The anaconda simulacrum constricts you.
You barely miss the anaconda simulacrum.
The anaconda simulacrum bites you!
* * * LOW HITPOINT WARNING * * *
The anaconda simulacrum freezes you. You resist.
* * * LOW HITPOINT WARNING * * *
The anaconda simulacrum constricts you.
As you read the scroll of teleportation, it crumbles to dust.
You feel strangely unstable.
You block the anaconda simulacrum's attack.
The anaconda simulacrum constricts you.
* * * LOW HITPOINT WARNING * * *
The anaconda simulacrum bites you.
* * * LOW HITPOINT WARNING * * *
The anaconda simulacrum freezes you. You resist.
You die...

#..Z# #○#.##.##
..######### #.###2≈#
#..Z##....### ######≈≈#
####....#...###
#≈≈#≈≈≈##
#######....####≈≈≈### #
####...###≈≈≈# ###
##...##.### ..###
##.....## ##..#
##..@Z.#.##
#..##########.....###.##
.#...##...##...#####.#.#
#####...##...### ##.##
########## ###


You could see an anaconda simulacrum.

Vanquished Creatures
  A hydra (Lair:4)
  A catoblepas (Lair:2)
  5 death yaks (Lair:4)
  2 two-headed ogres
  Nergalle (Lair:4)
  A swamp dragon (Lair:3)
  An ugly thing (D:8)
  3 black mambas
  6 cane toads
  An ice statue (IceCv)
  A torpor snail (Lair:4)
  2 ice devils (Lair:5)
  2 anaconda simulacra (IceCv)
  3 rime drakes
  An entropy weaver simulacrum (IceCv)
  An efreet (D:8)
  5 komodo dragons
  3 trolls
  Grinder (D:2)
  9 blink frogs
  2 dream sheep (Lair:4)
  29 yaks
  A shadow (D:9)
  3 wyverns
  2 basilisks
  2 vampire mosquitoes (D:10)
  A steam dragon (D:7)
  A death yak simulacrum (IceCv)
  5 nagas (Lair:3)
  Duvessa (D:6)
  9 water moccasins
  An ice beast (D:3)
  2 orc warriors
  4 sky beasts
  A black bear (D:5)
  2 necrophages (D:5)
  4 ogres
  5 wolves (Lair:2)
  5 centaurs
  3 phantoms
  4 kobold brigands (D:9)
  2 gnoll sergeants (D:8)
  2 scorpions
  8 bullfrogs
  4 two-headed ogre simulacra (IceCv)
  3 cane toad simulacra (IceCv)
  A wyvern skeleton (D:7)
  Dowan (D:6)
  A wight (D:8)
  2 electric eels (Lair:2)
  4 howler monkeys
  A centaur zombie (D:8)
  A centaur skeleton (D:7)
  2 jellies
  A bullfrog skeleton (D:7)
  2 gnoll shamans (D:7)
  6 orc priests
  4 hounds
  3 iguanas
  8 orc wizards
  7 spriggan simulacra (IceCv)
  A killer bee zombie (D:6)
  8 troll simulacra (IceCv)
  3 wolf simulacra (IceCv)
  4 howler monkey zombies
  25 gnolls
  A howler monkey skeleton (D:7)
  5 adders
  2 naga simulacra (IceCv)
  8 white imps
  9 ufetubi
  A worm (D:2)
  A dart slug (D:3)
  26 orcs
  6 ball pythons
  5 endoplasms
  A giant cockroach (D:3)
  4 goblins
  5 hobgoblins
  17 jackals
  19 kobolds
  A quokka (D:1)
  6 bats
  3 frilled lizards (D:1)
  A quokka skeleton (D:4)
  6 rats
368 creatures vanquished.

Vanquished Creatures (collateral kills)
  A hydra (Lair:2)
  A death yak (Lair:2)
  A lindwurm (Lair:2)
  A cane toad (Lair:2)
  A komodo dragon (Lair:2)
  A wyvern (Lair:2)
  8 yaks
  An iguana (Lair:3)
15 creatures vanquished.

Vanquished Creatures (others)
  15 fungi
  20 plants
  8 toadstools (Lair:2)
43 creatures vanquished.

Grand Total: 426 creatures vanquished

Notes
Turn   | Place    | Note
-------+----------+-------------------------------------------
     0 | D:1      | karkarkar the Gargoyle Fighter began the quest for the Orb.
     0 | D:1      | Reached XP level 1. HP: 14/14 MP: 1/1
   329 | D:1      | Found a faded altar of an unknown god.
   375 | D:1      | Reached XP level 2. HP: 19/19 MP: 2/2
   858 | D:1      | You fall into a shaft and drop 1 floor!
  1253 | D:2      | Reached XP level 3. HP: 24/24 MP: 3/3
  1255 | D:2      | Reached skill level 2 in Axes
  1648 | D:2      | Reached XP level 4. HP: 29/29 MP: 4/4
  1824 | D:2      | Reached skill level 3 in Axes
  1953 | D:2      | Reached XP level 5. HP: 33/33 MP: 5/5
  2537 | D:3      | Noticed Grinder
  2538 | D:3      | Paralysed by Grinder for 2 turns
  2566 | D:2      | Paralysed by Grinder for 6 turns
  2581 | D:2      | Paralysed by Grinder for 5 turns
  2789 | D:2      | Paralysed by Grinder for 4 turns
  2799 | D:2      | Paralysed by Grinder for 5 turns
  2815 | D:2      | Killed Grinder
  2816 | D:2      | Reached skill level 4 in Axes
  2816 | D:2      | Reached skill level 1 in Throwing
  2816 | D:2      | Reached skill level 1 in Dodging
  2816 | D:2      | Reached XP level 6. HP: 19/39 MP: 6/6
  3222 | D:3      | Noticed an ice beast
  3230 | D:3      | Killed an ice beast
  3231 | D:3      | Reached XP level 7. HP: 44/44 MP: 7/7
  3840 | D:4      | Reached skill level 5 in Axes
  3967 | D:4      | Reached skill level 5 in Fighting
  4162 | D:4      | Reached XP level 8. HP: 38/49 MP: 8/8
  4323 | D:5      | Entered Level 5 of the Dungeon
  4393 | D:5      | Reached skill level 6 in Axes
  4428 | D:5      | Reached skill level 1 in Stealth
  4688 | D:5      | Reached skill level 7 in Axes
  4893 | D:5      | Found a burning altar of Makhleb.
  4935 | D:5      | Reached XP level 9. HP: 55/55 MP: 9/9
  4973 | D:5      | Became a worshipper of Makhleb the Destroyer
  5306 | D:6      | Noticed Dowan
  5306 | D:6      | Noticed Duvessa
  5312 | D:6      | Killed Dowan
  5321 | D:6      | Killed Duvessa
  5322 | D:6      | Reached skill level 8 in Axes
  5541 | D:6      | Found a basalt altar of Yredelemnul.
  5631 | D:6      | Reached skill level 1 in Evocations
  5887 | D:6      | Noticed a troll
  5892 | D:6      | Killed a troll
  6394 | D:6      | Reached skill level 9 in Axes
  6759 | D:7      | Identified the amulet "Heqap" {Spirit rElec rPois rCorr}
  6876 | D:7      | Found a staircase to the Ecumenical Temple.
  6878 | D:7      | Identified the +11 hunting sling "Ifiske" {vorpal, rPois}
  6885 | D:7      | Reached * piety under Makhleb
  6932 | D:7      | Reached XP level 10. HP: 63/63 MP: 8/10
  6956 | D:7      | Found a transporter.
  6970 | D:7      | Noticed pigah's ghost (novice OpWn)
  7011 | D:7      | Found a transporter.
  7033 | D:7      | Reached skill level 10 in Axes
  7208 | D:7      | Found an ornate altar of the Wu Jian Council.
  7691 | D:8      | Found a hazy altar of Hepliaklqana.
  7802 | D:8      | Found a staircase to the Lair.
  8454 | D:8      | Reached ** piety under Makhleb
  8475 | D:8      | Noticed a two-headed ogre
  8482 | D:8      | Killed a two-headed ogre
  8494 | D:8      | Reached skill level 11 in Axes
  8497 | D:8      | Reached skill level 1 in Invocations
  8497 | D:8      | Noticed a cyan ugly thing
  8504 | D:8      | Killed a cyan ugly thing
  8858 | D:9      | Found a staircase to the Orcish Mines.
  8948 | D:9      | Found a white marble altar of Elyvilon.
  8994 | D:9      | Reached XP level 11. HP: 55/68 MP: 10/12
  9290 | D:9      | Noticed a two-headed ogre
  9295 | D:9      | Killed a two-headed ogre
  9915 | D:10     | Entered Level 10 of the Dungeon
 10063 | D:10     | Found Hucriu's Book Shoppe.
 10105 | D:10     | Reached skill level 12 in Axes
 10213 | D:10     | Found Yluikovy's Antique Weapon Boutique.
 10253 | D:10     | Reached *** piety under Makhleb
 10474 | D:10     | Found a blossoming altar of Fedhas.
 10474 | D:10     | Found a bloodstained altar of Trog.
 10720 | D:10     | Found Zippipt's Antique Armour Shop.
 10793 | D:10     | Found Jiesywnom's Assorted Antiques.
 10797 | D:10     | Bought a scroll of identify for 62 gold pieces
 10797 | D:10     | Bought a scroll of identify for 62 gold pieces
 10847 | D:10     | Found Daidiph's Magic Scroll Boutique.
 10852 | D:10     | Bought a scroll of identify for 24 gold pieces
 10852 | D:10     | Bought a scroll of identify for 24 gold pieces
 10871 | D:10     | Identified the ring of Seynn {Will+ Dex+3}
 11578 | D:11     | Noticed a skeletal warrior
 11578 | D:11     | Noticed a skeletal warrior
 11578 | D:11     | Noticed a skeletal warrior
 11690 | Lair:1   | Entered Level 1 of the Lair of Beasts
 11690 | Lair:1   | Found a shimmering blue altar of Sif Muna.
 11720 | Lair:1   | Reached skill level 5 in Dodging
 11742 | Lair:1   | You are sucked into a shaft and drop 1 floor!
 12225 | Lair:2   | Reached skill level 5 in Invocations
 12361 | Lair:2   | Reached XP level 12. HP: 76/76 MP: 9/15
 12474 | Lair:2   | Noticed a death yak
 12602 | Lair:2   | Reached skill level 13 in Axes
 12697 | Lair:2   | Noticed a six-headed hydra
 12722 | Lair:2   | Reached skill level 1 in Slings
 12723 | Lair:2   | Killed a five-headed hydra
 12970 | Lair:2   | Reached **** piety under Makhleb
 13197 | Lair:2   | Killed a death yak
 13198 | Lair:2   | Reached skill level 10 in Fighting
 13225 | Lair:2   | Noticed a catoblepas
 13300 | Lair:2   | Found a runed translucent door.
 13575 | Lair:2   | Killed a catoblepas
 13924 | Lair:3   | Found a staircase to the Swamp.
 13927 | Lair:3   | Reached skill level 14 in Axes
 13961 | Lair:3   | Reached XP level 13. HP: 83/83 MP: 18/18
 14159 | Lair:3   | Found a staircase to the Snake Pit.
 14457 | Lair:4   | Noticed Nergalle
 14487 | Lair:4   | Killed Nergalle
 15419 | Lair:5   | Found a frozen archway.
 15515 | IceCv    | Entered an ice cave
 16190 | IceCv    | Reached ***** piety under Makhleb
 17137 | IceCv    | Reached skill level 15 in Axes
 17144 | IceCv    | Noticed a reaper
 17161 | IceCv    | HP: 3/84 [anaconda simulacrum (6)]
 17161 | IceCv    | Slain by an anaconda simulacrum

Illustrated notes

Levels and vault maps discovered:
D:1:      mainiacjoe_arrival_reflecting_pool, layout_basic,
          hellmonk_ecumenical_altar_zigzags, lemuel_flame_loot_1
D:2:      layout_basic
D:3:      layout_basic, uniq_grinder
D:4:      layout_rooms
D:5:      layout_loops_ring, mainiacjoe_overflow_alcove_2
D:6:      layout_gridville, lemuel_doored_altar, nrook_campfire,
          columned_hall_lemuel, hangedman_abyss_or_decor_stabs, uniq_duvessa
D:7:      layout_basic, overflow_temple_1_default, minmay_temple_entry_statues,
          gammafunk_ghost_stat_death, hex_large, grunt_decor_junction
D:8:      minmay_slanted_spiral_squares, layout_rooms, kennysheep_mini,
          lair_entry_dummy, serial_curves, eino_curves_01, eino_curves_03,
          eino_curves_02
D:9:      layout_irregular_city, elyvilon_altar_5, orc_0_dummy,
          minmay_unpleasant_kobolds
D:10:     layout_gridville, mainiacjoe_overflow_large_starburst, serial_shops,
          shop_scrolls, nicolae_shop_trees, shop, nicolae_square_shop, shop
D:11:     layout_basic, nicolae_wu_jian_immortal_techniques
Lair:1:   layout_hall_layers, basic_altar, grunt_megastairs_2
Lair:2:   gammafunk_lair_enchanted_lake, layout_gridlike,
          minmay_stone_trees_small
Lair:3:   layout_concentric_octagons, minmay_swamp_entry_reptiles,
          minmay_snake_entry_guardpost_medium
Lair:4:   layout_long_grid, grunt_megastairs_5, serial_bayou_shore_b,
          uniq_nergalle
Lair:5:   layout_roguey, portal_ice_cave_demonic_guard, basic_altar,
          cheibrodos_lair_reptile_den
IceCv:    ice_cave_caverns_01

Skill      XL: |  1  2  3  4  5  6  7  8  9 10 11 12 13 |
---------------+----------------------------------------+-----
Axes           | 2 3 4 5 7 9 11 12 14 15 | 15.0
Fighting       | 4 5 7 8 9 10 11 | 11.3
Armour         | 4 |  4.9
Throwing       | 1 2 |  2.3
Dodging        | 1 2 3 4 5 6 |  6.6
Shields        | 4 |  4.3
Stealth        | 1 2 3 |  3.0
Evocations     | 1 |  1.6
Invocations    | 2 5 6 8 |  8.1
Slings         | 2 |  2.6
Long Blades    | |  0.6

Action                   |  1- 3 |  4- 6 |  7- 9 | 10-12 | 13-15 || total
-------------------------+-------+-------+-------+-------+-------++-------
Melee: War axe           |    90 |    97 |   244 |   565 |   362 ||  1358
       Scimitar          |       |       |       |     2 |     5 ||     7
 Fire: Hunting sling     |       |       |       |    17 |    12 ||    29
Throw: Dart              |       |    22 |     2 |     3 |     7 ||    34
       Boomerang         |       |       |       |     5 |    20 ||    25
Invok: Lesser Servant of |       |       |       |     7 |     3 ||    10
       Minor Destruction |       |       |       |     2 |       ||     2
       Major Destruction |       |       |       |       |     2 ||     2
Evoke: Wand              |       |       |     8 |    11 |    21 ||    40
  Use: Scroll            |       |     3 |     5 |    14 |     2 ||    24
       Potion            |       |     2 |       |       |     4 ||     6
 Stab: Sleeping          |       |       |       |     5 |       ||     5
       Distracted        |       |       |       |     1 |       ||     1
Armor: Scale mail        |    61 |    60 |     5 |       |       ||   126
       Ring mail         |       |       |   118 |   261 |   161 ||   540
Dodge: Dodged            |    39 |    56 |   124 |   268 |   149 ||   636
Block: Buckler           |    27 |    24 |    61 |   123 |    38 ||   273
       Kite shield       |       |       |       |       |    72 ||    72

Table legend: (Time is in decaauts)
 A = Elapsed time spent in this place.
 B = Non-inter-level travel time spent in this place.
 C = Inter-level travel time spent in this place.
 D = Time resting spent in this place.
 E = Time spent auto-exploring this place.
 F = Levels seen in this place.
 G = Mean time per level.
                   A        B        C        D        E       F      G
               +--------+--------+--------+--------+--------+-----+--------+
         Total |  17154 |  16457 |    697 |   2661 |   9481 |  17 | 1009.1 |
       Dungeon |  11757 |  11091 |    666 |   1712 |   6588 |  11 | 1068.8 |
          Lair |   3756 |   3726 |     30 |    338 |   2305 |   5 |  751.2 |
      Ice Cave |   1641 |   1641 |      0 |    611 |    588 |   1 | 1641.0 |
               +--------+--------+--------+--------+--------+-----+--------+

Top non-repeatable levels by time:
   IceCv: 1641 daAuts
     D:2: 1631 daAuts
  Lair:2: 1543 daAuts
     D:6: 1370 daAuts
     D:8: 1330 daAuts
    D:10: 1195 daAuts
     D:1: 1168 daAuts
     D:7: 1076 daAuts
     D:5: 965 daAuts
     D:9: 940 daAuts
  Lair:4: 923 daAuts
     D:3: 873 daAuts
     D:4: 725 daAuts
  Lair:3: 686 daAuts
    D:11: 479 daAuts
